 Dungeon Crawl Stone Soup version 0.25.1-2-g60ff931df9 (webtiles) character file.

Game seed: 16044552319088029915

53 pokeman the Magician (level 3, -8/20 HPs)
             Began as a Deep Elf Wizard on Nov 11, 2020.
             Killed from afar by Ijyb (9 damage)
             ... with a puff of flame
             ... on level 3 of the Dungeon.
             The game lasted 00:02:06 (1861 turns).

pokeman the Magician (Deep Elf Wizard)              Turns: 1861, Time: 00:02:07

Health: -8/20      AC:  2    Str:  4    XL:     3   Next: 62%
Magic:  5/11       EV: 13    Int: 23    God:
Gold:   41         SH:  0    Dex: 13    Spells: 1/12 levels left

rFire    . . .     SeeInvis .   (no weapon)
rCold    . . .     Gourm    .   (no shield)
rNeg     . . .     Faith    .   a - +0 robe
rPois    .         Spirit   .   b - +0 hat
rElec    .         Reflect  .   (no cloak)
rCorr    .         Harm     .   (no gloves)
MR       .....                  (no boots)
Stlth    ++........             (no amulet)
HPRegen  0.06/turn              (no ring)
MPRegen  0.12/turn              (no ring)

@: lethally poisoned (-8 -> -15), very slightly contaminated
A: no striking features
a: no special abilities


You were on level 3 of the Dungeon.
You were hungry.

You visited 1 branch of the dungeon, and saw 3 of its levels.

You collected 41 gold pieces.

Inventory:

Armour
 a - a +0 robe (worn)
 b - a +0 hat (worn)
 c - a +0 kite shield
Scrolls
 e - a scroll of identify {unknown}
 f - 2 scrolls of teleportation {unknown}
 g - a scroll of random uselessness {unknown}
 h - 2 scrolls of remove curse {unknown}
Comestibles
 d - 4 rations


   Skills:
 - Level 1.0 Fighting
 - Level 1.0 Armour
 + Level 2.4 Dodging
 - Level 2.4 Stealth
 + Level 0.0 Shields
 * Level 5.3 Spellcasting
 * Level 2.0 Conjurations
 - Level 1.1 Summonings
 - Level 1.1 Translocations


You had one spell level left.
You knew the following spells:

 Your Spells              Type           Power        Failure   Level  Hunger
a - Magic Dart            Conj           ###.         4%          1    None
b - Mephitic Cloud        Conj/Pois/Air  #.......     21%         3    ##.....
c - Call Imp              Summ           ##......     9%          2    None
d - Blink                 Tloc           N/A          9%          2    None
e - Conjure Flame         Conj/Fire      ##......     19%         3    ##.....

Your spell library contained the following spells:

 Spells                   Type           Power        Failure   Level  Hunger
 Slow                     Hex            #.......     14%         2    None


Dungeon Overview and Level Annotations

Branches:
Dungeon (3/15)

Altars:
Ru

Annotations:
D:3 Ijyb


Message History

Ijyb zaps a wand.
The puff of flame misses you.
The kobold moves out of view.
Casting: Magic Dart (safe; 4% risk of failure)
Confirm with . or Enter, or press ? or * to list all spells.
The spell is extremely dangerous to cast (19% risk of failure)!
Continue anyway?
The fire begins to smolder!
The fire ignites!
Casting: Conjure Flame (extremely dangerous; 19% risk of failure)
Confirm with . or Enter, or press ? or * to list all spells.
The spell is extremely dangerous to cast (21% risk of failure)!
Continue anyway?
Aiming: Mephitic Cloud (extremely dangerous; 21% risk of failure)
Press: ? - help, Shift-Dir - straight line, f/p - Ijyb
Aim: Ijyb, wearing a +0 leather armour and carrying a wand of flame (18) (lightly wounded)
You miscast Mephitic Cloud.
You are very lightly contaminated with residual magic.
You feel incredibly sick!
You are poisoned.
Ouch! That really hurt!
* * * LOW HITPOINT WARNING * * *
x2 You feel sick.
Ijyb zaps a wand.
The puff of flame hits you!
You die...

#################
................###
######<##.#.......
#.#.....#.#
#.##...## #.@...##
#ยง###.# #g# #.#
#........ ####g..##
.....# .......
....g.. .........


You could see Ijyb.

Vanquished Creatures
  2 adders (D:2)
  An ooze (D:2)
  3 dart slugs
  A leopard gecko (D:1)
  An orc (D:3)
  A giant cockroach (D:1)
  3 hobgoblins
  3 jackals (D:1)
  2 kobolds (D:2)
  2 frilled lizards (D:1)
  2 goblins
  4 rats
25 creatures vanquished.

Notes
Turn   | Place    | Note
-------+----------+-------------------------------------------
     0 | D:1      | pokeman the Deep Elf Wizard began the quest for the Orb.
     0 | D:1      | Reached XP level 1. HP: 10/10 MP: 7/7
   257 | D:1      | Reached XP level 2. HP: 15/15 MP: 7/9
   935 | D:2      | Reached skill level 5 in Spellcasting
   935 | D:2      | Reached XP level 3. HP: 20/20 MP: 5/11
   940 | D:2      | Learned a level 3 spell: Mephitic Cloud
   943 | D:2      | Learned a level 2 spell: Call Imp
   946 | D:2      | Learned a level 2 spell: Blink
   950 | D:2      | Learned a level 3 spell: Conjure Flame
  1328 | D:2      | Found a sacrificial altar of Ru.
  1535 | D:3      | Reached skill level 1 in Fighting
  1607 | D:3      | Reached skill level 1 in Armour
  1851 | D:3      | Noticed Ijyb
  1861 | D:3      | HP: 1/20 [something (10)]
  1861 | D:3      | Killed from afar by Ijyb

Illustrated notes

Levels and vault maps discovered:
D:1:      dpeg_arrival_simpleton_c, layout_rooms, feat_on_display
D:2:      layout_rooms, first_ration, nrook_mini_backslash,
          nicolae_ru_path_of_blood
D:3:      layout_loops_corners, gammafunk_ghost_arena, uniq_ijyb

Skill      XL: |  1  2  3 |
---------------+----------+-----
Spellcasting   | 5 |  5.3
Fighting       | 1 |  1.0
Conjurations   | 2 |  2.0
Armour         | 1 |  1.0
Dodging        | |  2.4
Stealth        | |  2.4
Summonings     | |  1.1
Translocations | |  1.1

Action                   || total
-------------------------++-------
 Cast: Magic Dart        ||    78
       Conjure Flame     ||     1
  Eat: Chunk             ||     2
Armor: Robe              ||     1
Dodge: Dodged            ||     6
